 Dungeon Crawl Stone Soup version 0.27-a0-1090-gb115f176c6 (webtiles) character file.

Game seed: 14759382985583733098

170 scammafunk the Slasher (level 5, -2/42 HPs)
             Began as a Barachi Chaos Knight on Apr 27, 2021.
             Was an Initiate of Cheibriados.
             Slain by a kobold
             ... wielding a +0 short sword
              (3 damage)
             ... on level 4 of the Dungeon.
             The game lasted 00:15:51 (3419 turns).

scammafunk the Slasher (Barachi Chaos Knight)       Turns: 3419, Time: 00:15:52

Health: -2/42      AC:  0    Str: 13      XL:     5   Next: 51%
Magic:  5/5        EV: 11    Int: 13 (14) God:    Cheibriados [......]
Gold:   152        SH:  0    Dex: 12      Spells: 4/4 levels left

rFire    + . .     SeeInvis .   (no weapon)
rCold    + . .     Faith    .   (no shield)
rNeg     . . .     Spirit   .   (no armour)
rPois    .         Reflect  .   (no helmet)
rElec    .         Harm     .   (no cloak)
rCorr    .         Rampage  .   (no gloves)
Will     .....                  (no boots)
Stlth    +.........             (no amulet)
HPRegen  0.14/turn              (no ring)
MPRegen  0.09/turn              (no ring)

@: very slow
A: amphibious, slowness 1, strong legs 1, +LOS, cold resistance 1, deformed
body, deterioration 1, fire resistance 1, frail 1, high mp 1, weak 1
a: Hop, Renounce Religion, Bend Time


You were on level 4 of the Dungeon.
You worshipped Cheibriados.
Cheibriados was noncommittal.
You visited 1 branch of the dungeon, and saw 4 of its levels.

You collected 152 gold pieces.

Inventory:

Armour
 b - a +2 leather armour
 m - a +2 leather armour of poison resistance
Jewellery
 i - a ring of magical power
 o - a +4 ring of protection
Scrolls
 c - a scroll of magic mapping
 f - 2 scrolls of blinking
 j - 2 scrolls of teleportation
 k - a scroll of silence
 l - a scroll of amnesia
Potions
 d - a potion of cancellation
 e - a potion of ambrosia


   Skills:
 + Level 5.1(2.5) Fighting
 + Level 5.1(2.5) Long Blades
 + Level 4.3(2.1) Armour
 - Level 1.1(0.5) Dodging


You had 4 spell levels left.
You didn't know any spells.
Your spell library was empty.

Dungeon Overview and Level Annotations

Branches:
Dungeon (4/15)
 Temple: D:4-7

Altars:
Ashenzari
Cheibriados
Xom

Shops:
D:2 [


Innate Abilities, Weirdness & Mutations

You are amphibious.
You cover ground slowly.
You can hop short distances.
You have an extended range of vision and can be seen from far away.
Your flesh is cold resistant. (rC+)
Armour fits poorly on your strangely shaped body.
Your body sometimes deteriorates upon taking damage.
Your flesh is heat resistant. (rF+)
You are frail. (-10% HP)
You have an increased reservoir of magic. (+10% MP)
You are weak. (Str -2)


Message History

The ball python grabs you. The ball python constricts you.
You barely miss the ball python. The ball python bites you.
The ball python constricts you.
You hit the ball python but do no damage.
The ball python bites you. The ball python constricts you.
The ball python closely misses you. The ball python constricts you.
You hit the ball python.
The ball python is severely wounded.
The ball python closely misses you. The ball python constricts you.
You hit the ball python.
You kill the ball python!
Cheibriados thoroughly appreciates the change of pace.
The kobold hits you with a +0 short sword.
You completely miss the kobold. The kobold barely misses you.
You closely miss the kobold. The kobold barely misses you.
You are confused.
You feel invigorated. The black bear barely misses you.
The black bear claws you. The black bear barely misses you.
The kobold hits you with a +0 short sword.
* * * LOW HITPOINT WARNING * * *
You feel better.
You feel less invigorated. The black bear barely misses you.
The black bear claws you.
Your body deteriorates!
You feel dopey. The black bear closely misses you.
The kobold closely misses you.
You hit the black bear.
The black bear is lightly wounded.
The black bear bites you! The black bear claws you. x2
* * * LOW HITPOINT WARNING * * *
The kobold closely misses you.
You closely miss the black bear.
The black bear is lightly wounded.
The black bear bites you.
* * * LOW HITPOINT WARNING * * *
The black bear claws you.
* * * LOW HITPOINT WARNING * * *
The black bear claws you.
* * * LOW HITPOINT WARNING * * *
The kobold hits you with a +0 short sword.
You die...
Xom titters!

..........
, , ..#
,..# , ,
..## , ,
...# ,
#..### ,
#...## *
,, ,,
#hK.# ,
#@.# ####


You could see a black bear and a kobold.

Vanquished Creatures
  A jelly (D:4)
  An orc wizard (D:4)
  A killer bee zombie (D:4)
  3 adders
  3 orcs (D:4)
  8 ball pythons
  8 endoplasms
  2 giant cockroaches (D:1)
  6 goblins
  6 hobgoblins
  7 jackals (D:1)
  3 kobolds
  A quokka (D:1)
  5 bats
  6 rats
61 creatures vanquished.

Notes
Turn   | Place    | Note
-------+----------+-------------------------------------------
     0 | D:1      | scammafunk the Barachi Chaos Knight began the quest for the
                  | Orb.
     0 | D:1      | Reached XP level 1. HP: 18/18 MP: 1/1
    52 | D:1      | Reached XP level 2. HP: 10/25 MP: 2/2
   122 | D:1      | XOM: silly message
   395 | D:1      | Found a faded altar of an unknown god.
   404 | D:1      | Fell from the grace of Xom
   404 | D:1      | Became a worshipper of Ashenzari the Shackled
   512 | D:1      | Reached XP level 3. HP: 30/30 MP: 3/3
   796 | D:1      | XOM: torment (16/30 hp)
  1076 | D:2      | XOM: stat loss: -3 Str (11/14)
  1303 | D:2      | Reached * piety under Ashenzari
  1585 | D:2      | Found Okhaplai's Armour Shoppe.
  1765 | D:2      | XOM: give mutations
  1765 | D:2      | Gained mutation: Armour fits poorly on your strangely
                  | shaped body. [Xom's mischief]
  1765 | D:2      | Gained mutation: Your flesh is cold resistant. (rC+) [Xom's
                  | mischief]
  2040 | D:3      | Reached XP level 4. HP: 18/39 MP: 4/4
  2269 | D:3      | Found a shimmering altar of Xom.
  2420 | D:3      | Found a snail-covered altar of Cheibriados.
  2481 | D:3      | XOM: give mutations
  2481 | D:3      | Gained mutation: Your flesh is heat resistant. (rF+) [Xom's
                  | mischief]
  2481 | D:3      | Gained mutation: You are weak. (Str -2) [Xom's mischief]
  2481 | D:3      | Gained mutation: You are frail. (-10% HP) [Xom's mischief]
  2481 | D:3      | Gained mutation: Your body sometimes deteriorates upon
                  | taking damage. [Xom's mischief]
  2793 | D:4      | XOM: 2-stop teleportation journey
  2819 | D:4      | Reached XP level 5. HP: 12/41 MP: 5/5
  2826 | D:4      | Reached ** piety under Ashenzari
  3091 | D:4      | Reached skill level 5 in Fighting
  3091 | D:4      | Reached skill level 5 in Long Blades
  3341 | D:4      | Noticed a black bear
  3366 | D:4      | Identified the ring "Doanogru" {rElec rPois Str+3}
  3379 | D:3      | Fell from the grace of Ashenzari
  3379 | D:3      | Became a worshipper of Cheibriados the Contemplative
  3388 | D:3      | XOM: give mutation
  3388 | D:3      | Gained mutation: You have an increased reservoir of magic.
                  | (+10% MP) [Xom's grace]
  3419 | D:4      | HP: 2/42 [black bear (3)]
  3419 | D:4      | Slain by a kobold

Illustrated notes

Levels and vault maps discovered:
D:1:      lemuel_arrival_tunnels, layout_basic, basic_ecumenical_altar
D:2:      layout_basic, serial_shops, nicolae_shop_behind_doors, chequers_jeans,
          minmay_goblin_outpost
D:3:      layout_rooms, lemuel_crystal_altar, nicolae_overflow_hidden_temple
D:4:      cheibrodos_barr_body, layout_layer_cave, serial_park_tiny_2,
          chequers_serial_rivers_micro_e, grunt_decor_one_mirror

Skill      XL: |  1  2  3  4  5 |
---------------+----------------+-----
Fighting       | 4 5 |  5.1
Long Blades    | 4 5 |  5.1
Armour         | 3 4 |  4.3
Dodging        | |  1.1

Action                   |  1- 3 |  4- 6 || total
-------------------------+-------+-------++-------
Melee: Falchion          |   115 |    58 ||   173
       Unarmed           |       |    12 ||    12
Invok: Curse Item        |     2 |     1 ||     3
  Use: Scroll            |     1 |     1 ||     2
       Potion            |       |     3 ||     3
 Stab: Paralysed         |       |     2 ||     2
Armor: Leather armour    |    77 |    19 ||    96
Dodge: Dodged            |    62 |    50 ||   112
       Rpst.: Falchion   |    15 |    14 ||    29

Table legend: (Time is in decaauts)
 A = Elapsed time spent in this place.
 B = Non-inter-level travel time spent in this place.
 C = Inter-level travel time spent in this place.
 D = Time resting spent in this place.
 E = Time spent auto-exploring this place.
 F = Levels seen in this place.
 G = Mean time per level.
                   A        B        C        D        E       F      G
               +--------+--------+--------+--------+--------+-----+--------+
         Total |   3772 |   3730 |     42 |    729 |   2276 |   4 |  943.0 |
       Dungeon |   3772 |   3730 |     42 |    729 |   2276 |   4 |  943.0 |
               +--------+--------+--------+--------+--------+-----+--------+

Top non-repeatable levels by time:
     D:2: 1147 daAuts
     D:1: 1093 daAuts
     D:3: 803 daAuts
     D:4: 728 daAuts
